 Dungeon Crawl Stone Soup version 0.31-a0-667-g39726597b9 (webtiles) character file.

Game seed: 18310705293563730956

6 qw the Shooter (level 1, -4/12 HPs)
             Began as a Gargoyle Hunter on Sept 3, 2023.
             Slain by a gnoll
             ... wielding a +1 whip of freezing
              (6 damage)
             ... on level 1 of the Dungeon.
             The game lasted 00:00:10 (66 turns).

qw the Shooter (Gargoyle Hunter)                      Turns: 66, Time: 00:00:10

Health: -4/12      AC:  5    Str: 14    XL:     1   Next: 90%
Magic:  1/1        EV: 11    Int:  9    God:
Gold:   29         SH:  0    Dex: 13    Spells: 0/0 levels left

rFire   . . .        a - +0 shortbow
rCold   . . .        (shield currently unavailable)
rNeg    + . .        c - +0 leather armour
rPois   inf          (no helmet)
rElec   +            (no cloak)
rCorr   .            (no gloves)
SInv    .            (no boots)
Will    .....        (no amulet)
Stlth   +            (no ring)
HPRegen 0.22/turn    (no ring)
MPRegen 0.07/turn

%: no passive effects
@: no status effects
A: sickness immunity, AC +2, negative energy resistance 1, electricity
resistance, torment resistance 1, petrification resistance
a: no special abilities


You were on level 1 of the Dungeon.
You visited 1 branch of the dungeon, and saw 1 of its levels.

You collected 29 gold pieces.


Innate Abilities, Weirdness & Mutations

You are immune to sickness and miasma.
Your stone body is resilient. (AC +2)
You are immune to poison.
You resist negative energy. (rN+)
You are resistant to electric shocks. (rElec)
You are resistant to unholy torment.
You are immune to petrification.


   Skills:
 - Level 2.1 Fighting
 + Level 4.3 Ranged Weapons
 - Level 1.5 Dodging
 - Level 1.1 Stealth


You couldn't memorise any spells.
You didn't know any spells.
Your spell library was empty.

Inventory:

Hand Weapons
 a - a +0 shortbow (weapon)
Armour
 c - a +0 leather armour (worn)
 f - a +0 ring mail
Jewellery
 e - a +4 ring of slaying {mikee}
Scrolls
 b - a scroll of butterflies
Potions
 d - a potion of curing {unknown}

Dungeon Overview and Level Annotations

Branches:
Dungeon (1/15)

Altars:


Message History

A bat comes into view. x2
You shoot an arrow. The arrow completely misses the gnoll.
A hobgoblin comes into view.
Enter note:
58 |||
Found retreat position at 2,0 (floor) with 0 blocking monsters and 1 monsters attacking at destination at distance 2
Enter note:
58 |||
Found retreat position at 2,0 (floor) with 0 blocking monsters and 1 monsters attacking at destination at distance 2
58 ||| RETREATING.
The bat hits you.
A hobgoblin comes into view.
Enter note:
59 |||
Found retreat position at 1,0 (floor) with 0 blocking monsters and 1 monsters attacking at destination at distance 1
59 ||| Stepping ~*~*~tactically~*~*~ (retreating).
The bat barely misses you. The bat hits you but does no damage.
You shoot an arrow. The arrow hits the bat.
The bat is severely wounded.
The bat hits you but does no damage. x2
You shoot an arrow.
The arrow hits the bat but does no damage.
The bat is moderately wounded.
The bat closely misses you. The bat hits you.
You shoot an arrow. The arrow closely misses the bat.
The arrow hits the bat.
You kill the bat!
The bat barely misses you. The gnoll barely misses you.
You shoot an arrow. The arrow hits the gnoll.
The gnoll is severely wounded.
The gnoll hits you with a +1 whip of freezing.
The gnoll freezes you.
You shoot an arrow. The arrow closely misses the gnoll.
The arrow hits the bat!
You kill the bat!
The gnoll hits you with a +1 whip of freezing.
The gnoll freezes you.
You shoot an arrow. The arrow closely misses the gnoll.
The gnoll hits you with a +1 whip of freezing.
The gnoll freezes you.
You shoot an arrow. The arrow hits the gnoll.
The gnoll is almost dead.
The gnoll hits you with a +1 whip of freezing.
Ouch! That really hurt!
You die...

.............
g.....g.....
........... .. ..
....g... .....#.
....... .....#.##.#...
.....#.##.##'#########
.........##gg@.......
####.......##.####...##
..............# .#
..............#
.........%.##.#
...........##+########
..########...........#
#...........#
#...........#


You could see a gnoll and a hobgoblin.

Vanquished Creatures
  2 endoplasms (D:1)
  A quokka (D:1)
  2 bats (D:1)
  A rat (D:1)
6 creatures vanquished.

Notes
Turn   | Place    | Note
-------+----------+-------------------------------------------
     0 | D:1      | qw the Gargoyle Hunter began the quest for the Orb.
     0 | D:1      | Reached XP level 1. HP: 12/12 MP: 1/1
     0 | D:1      | 0 ||| qw: Version: 0.3-a-75-g5245507
     0 | D:1      | 0 ||| qw: Game counter: 5
     0 | D:1      | 0 ||| qw: Melee chars always use a shield: true
     0 | D:1      | 0 ||| qw: God list: Okawaru
     0 | D:1      | 0 ||| qw: Allow faded altars: false
     0 | D:1      | 0 ||| qw: Do Orc after clearing Dungeon:15 true
     0 | D:1      | 0 ||| qw: Do second Lair branch before Depths: true
     0 | D:1      | 0 ||| qw: Lair rune preference: random
     0 | D:1      | 0 ||| qw: Goals: Normal
     0 | D:1      | 0 ||| PLANNING D:1-11
    58 | D:1      | 58 ||| RETREATING.
    59 | D:1      | 59 ||| Stepping ~*~*~tactically~*~*~ (retreating).
    65 | D:1      | HP: 3/12 [gnoll/+1 whip of freezing (2)]
    66 | D:1      | Slain by a gnoll

Levels and vault maps discovered:
D:1:      eino_arrival_water_cross, layout_basic

Action                     || total
---------------------------++-------
   Fire: Shortbow          ||    18
 Armour: Leather armour    ||     9
  Dodge: Dodged            ||     4

Table legend:
 A = Non-vault XP
 B = Vault XP
 C = Vault XP percentage of total XP
 D = Non-vault monster count
 E = Vault monster count
 F = Vault count percentage of total count
                 A         B        C        D         E       F
            +---------+---------+-------+---------+---------+-------
      Total |       9 |       0 |   0.0 |       6 |       0 |   0.0
            +---------+---------+-------+---------+---------+-------
        D:1 |       9 |       0 |   0.0 |       6 |       0 |   0.0
            +---------+---------+-------+---------+---------+-------
